 Dungeon Crawl Stone Soup version 0.26.1-2-gb8aa6d0cf2 (webtiles) character file.

Game seed: 5944726044663530055

133 Electrofox the Chiller (level 4, -2/33 HPs)
             Began as a Draconian Ice Elementalist on Mar 6, 2021.
             Slain by an ogre
             ... wielding a +0 giant club
              (10 damage)
             ... on level 4 of the Dungeon.
             The game lasted 00:17:30 (3428 turns).

Electrofox the Chiller (Draconian Ice Elementalist) Turns: 3428, Time: 00:17:31

Health: -2/33      AC: 11    Str: 10    XL:     4   Next: 93%
Magic:  0/9        EV: 12    Int: 16    God:
Gold:   248        SH:  0    Dex: 12    Spells: 3/10 levels left

rFire    . . .     SeeInvis .   l - +0 dagger
rCold    . . .     Faith    .   (no shield)
rNeg     . . .     Spirit   .   (armour unavailable)
rPois    .         Reflect  .   (helmet restricted)
rElec    .         Harm     .   (no cloak)
rCorr    .         Rampage  .   (no gloves)
Will     .....                  (no boots)
Stlth    ++........             (no amulet)
HPRegen  0.11/turn              (no ring)
MPRegen  0.11/turn              (no ring)

@: icy armour, frozen ramparts, very slightly contaminated
A: unfitting armour, cold-blooded, AC +5
a: no special abilities


You were on level 4 of the Dungeon.
You visited 1 branch of the dungeon, and saw 4 of its levels.

You collected 248 gold pieces.

Inventory:

Hand Weapons
 e - a +0 hunting sling
 i - a +0 antimagic spear
 j - a +0 rapier
 l - a +0 dagger (weapon)
Missiles
 d - 10 poisoned darts
 f - 77 stones
Armour
 c - a scarf of repulsion
Jewellery
 b - a cursed amulet of inaccuracy {unknown}
Wands
 p - a wand of random effects (12)
 u - a wand of flame (21)
Scrolls
 a - 3 scrolls of remove curse {unknown}
 g - 2 scrolls of teleportation {unknown}
 k - 3 scrolls of immolation {unknown}
 o - a scroll of random uselessness {unknown}
 r - a scroll of enchant armour {unknown}
 s - a scroll of fear {unknown}
 t - 2 scrolls of identify {unknown}
 w - a scroll of fog {unknown}
Potions
 h - 2 potions of lignification {unknown}
 m - a potion of ambrosia {unknown}
 n - 2 potions of mutation {unknown}
 q - a potion of degeneration {unknown}
 v - 2 potions of heal wounds {unknown}
 x - 2 potions of berserk rage {unknown}
 z - a potion of brilliance {unknown}


   Skills:
 - Level 1.7 Dodging
 - Level 1.7 Stealth
 + Level 3.6 Spellcasting
 + Level 5.2 Ice Magic


You had 3 spell levels left.
You knew the following spells:

 Your Spells              Type           Power        Failure   Level
a - Freeze                Ice            76%          1%          1
b - Frozen Ramparts       Ice            38%          6%          3
c - Ozocubu's Armour      Ice            19%          6%          3

Your spell library contained the following spells:

 Spells                   Type           Power        Failure   Level
 Hailstorm                Conj/Ice       11%          52%         4
 Summon Ice Beast         Ice/Summ       11%          52%         4


Dungeon Overview and Level Annotations

Branches:
Dungeon (4/15)
 Temple: D:4-7

Altars:
Nemelex Xobeh
Trog

Annotations:
D:3 1 runed translucent door, exclusion: door, Crazy Yiuf


Innate Abilities, Weirdness & Mutations

Your plain brown scales are hard. (AC +5)
You cannot fit into any form of body armour.
You are cold-blooded and may be slowed by cold attacks.


Message History

You are very lightly contaminated with residual magic.
Nothing appears to happen.
The wall freezes the ogre.
The ogre hits you with a +0 giant club!
Casting: Freeze (safe; 1% risk of failure)
Confirm with . or Enter, or press ? or * to list all spells.
Aiming: Freeze (safe; 1% risk of failure)
Press: ? - help, Shift-Dir - straight line, f/p - ogre
Aim: an ogre, wielding a +0 giant club (moderately wounded)
You freeze the ogre!
The ogre is severely wounded.
The wall freezes the ogre.
The ogre hits you with a +0 giant club.
* * * LOW HITPOINT WARNING * * *
Casting: Freeze (safe; 1% risk of failure)
Confirm with . or Enter, or press ? or * to list all spells.
Aiming: Freeze (safe; 1% risk of failure)
Press: ? - help, Shift-Dir - straight line, f/p - ogre
Aim: an ogre, wielding a +0 giant club (almost dead)
You miscast Freeze.
Nothing appears to happen.
The wall freezes the ogre.
The ogre hits you with a +0 giant club!
You die...

......#'###............####'#....
....###.######+##................
....#...#.......#................
....#...#.......#................
....#...#....[..#....^...........
....#...#.......#................
....#...#.......#................
....###.##.##'###O...............
......#.##+#....@##########......
......#.>..#.....# #......
......#....'.....+ #......
......#....#.....# #......
..<...#.##.#.....# #......
##################


You could see an ogre.

Vanquished Creatures
  Jessica (D:3)
  A worker ant (D:4)
  4 adders
  A leopard gecko (D:3)
  An orc (D:4)
  A ball python (D:1)
  3 giant cockroaches
  6 goblins
  9 hobgoblins
  3 jackals (D:1)
  2 kobolds (D:1)
  A quokka (D:4)
  6 bats
  A frilled lizard (D:3)
  7 rats
47 creatures vanquished.

Notes
Turn   | Place    | Note
-------+----------+-------------------------------------------
     0 | D:1      | Electrofox the Draconian Ice Elementalist began the quest
                  | for the Orb.
     0 | D:1      | Reached XP level 1. HP: 14/14 MP: 3/3
   528 | D:1      | Reached XP level 2. HP: 20/20 MP: 3/5
  1196 | D:2      | Reached XP level 3. HP: 24/26 MP: 1/7
  1642 | D:2      | Learned a level 3 spell: Frozen Ramparts
  1906 | D:2      | Found a sparkling altar of Nemelex Xobeh.
  2227 | D:3      | Reached XP level 4. HP: 33/33 MP: 6/8
  2293 | D:3      | Noticed Jessica
  2313 | D:3      | Killed Jessica
  2314 | D:3      | Reached skill level 5 in Ice Magic
  2375 | D:3      | Learned a level 3 spell: Ozocubu's Armour
  2467 | D:3      | Found a runed translucent door.
  2468 | D:3      | Noticed Crazy Yiuf
  3369 | D:4      | Found a bloodstained altar of Trog.
  3409 | D:4      | Noticed an ogre
  3428 | D:4      | Slain by an ogre

Illustrated notes

Levels and vault maps discovered:
D:1:      dpeg_arrival_arbitrary_b, layout_basic
D:2:      layout_basic, nemelex_altar_shiori
D:3:      layout_basic, uniq_crazy_yiuf_cottage, uniq_jessica
D:4:      layout_gridville, bloody_trog

Skill      XL: |  1  2  3  4 |
---------------+-------------+-----
Spellcasting   | 3 |  3.6
Ice Magic      | 5 |  5.2
Dodging        | |  1.7
Stealth        | |  1.7

Action                   |  1- 3 |  4- 6 || total
-------------------------+-------+-------++-------
Melee: Club              |    13 |       ||    13
       Unarmed           |    11 |       ||    11
       Whip              |    31 |     1 ||    32
       Tailslap          |     5 |     3 ||     8
       Dagger            |       |    22 ||    22
 Cast: Freeze            |    45 |    13 ||    58
       Frozen Ramparts   |       |     2 ||     2
       Ozocubu's Armour  |       |     1 ||     1
  Use: Scroll            |     1 |       ||     1
 Stab: Sleeping          |     1 |       ||     1
Armor: Skin              |    26 |    11 ||    37
Dodge: Dodged            |    64 |    15 ||    79
